AoeStats
← 小迟爱吃

Black Forest

510460256Analyzed
4v4 RM · 2d ago on Oct 1, 2026· 54m 20s· 8 players
Game mode
Random Map
Map size
Large (8 player)
Population
200
Speed
Normal
Resources
Standard
Victory
Conquest
Starting age
Dark Age
Ending age
Imperial Age
RankedLock teamsTeams togetherTeam positionsShared explorationLock speedFull tech treeHidden civsTurbo modeCheats
Victory
Defeat
🇨🇱 Cumans · Chile
921
+11
🇩🇪 Celts · Germany
899
+11
🇺🇸 Turks · United States
894
+15
🇲🇽 Persians · Mexico
728
+18
🇨🇳 Mongols · China
839
-15
🇨🇳 Lithuanians · China
806
-13
🇦🇷 Franks · Argentina
764
-12
🇺🇸 Malians · United States
763
-12
梦寐一秋.
11:19 Feudal Age
15:27 Castle Age
14:43 Double-Bit Axe
23:09 Bow Saw
34:51 Imperial Age
35:03 Onager
Zukomazi
0:28 Loom
12:47 Feudal Age
18:58 Castle Age
18:51 Double-Bit Axe
20:01 Bow Saw
19:33 Horse Collar
22:12 Masonry
22:13 Fortified Wall
21:59 Gold Mining
22:00 Stone Mining
22:13 Heavy Plow
25:27 Wheelbarrow
27:42 Town Watch
36:25 Imperial Age
34:22 Hand Cart
36:03 Gold Shaft Mining
36:04 Stone Shaft Mining
35:41 Forging
35:32 Scale Mail Armor
35:22 Fletching
35:37 Padded Archer Armor
37:02 Iron Casting
General
1:11 Loom
14:06 Feudal Age
14:47 Man-at-Arms
16:24 Double-Bit Axe
26:20 Gold Mining
28:58 Castle Age
28:15 Stone Mining
29:10 Long Swordsman
30:29 Crossbowman
32:13 Squires
33:01 Pikeman
34:38 Fletching
36:16 Sanctity
35:57 Bodkin Arrow
36:13 Forging
42:27 Iron Casting
41:58 Scale Barding Armor
45:04 Imperial Age
小迟爱吃
11:14 Feudal Age
12:34 Double-Bit Axe
17:00 Castle Age
15:36 Stone Mining
Rompe--Anos
0:27 Loom
16:11 Feudal Age
22:23 Castle Age
21:48 Double-Bit Axe
21:52 Horse Collar
28:17 Bow Saw
28:11 Heavy Plow
38:57 Ballistics
42:06 Imperial Age
41:56 Forging
44:38 Chemistry
43:35 Elite War Elephant
44:40 Conscription
45:00 Iron Casting
45:13 Wheelbarrow
47:44 Two-Man Saw
47:17 Crop Rotation
47:06 Hand Cart
47:03 Scale Barding Armor
47:59 Blast Furnace
47:01 Gold Mining
48:32 Chain Barding Armor
48:13 Stone Mining
48:59 Gold Shaft Mining
51:29 Plate Barding Armor
51:46 Bloodlines
51:38 Husbandry
52:40 Town Watch
El Jay Dizzy
10:48 Loom
13:05 Feudal Age
18:05 Castle Age
16:14 Double-Bit Axe
16:27 Horse Collar
19:10 Gold Mining
21:29 Heavy Plow
23:12 Bow Saw
26:00 Imperial Age
25:26 Wheelbarrow
25:26 Town Watch
26:56 Wheelbarrow
26:58 Fortified Wall
31:11 Masonry
30:59 Stone Mining
32:49 Two-Man Saw
33:37 Ballistics
33:30 Town Watch
34:46 Hand Cart
36:58 Murder Holes
36:44 Treadmill Crane
39:12 Caravan
41:59 Conscription
42:15 Hoardings
42:57 Bombard Tower
43:09 Architecture
43:43 Thumb Ring
43:31 Fletching
43:42 Padded Archer Armor
44:07 Artillery
44:11 Bodkin Arrow
49:33 Town Patrol
50:44 Leather Archer Armor
50:29 Bracer
50:38 Scale Barding Armor
50:44 Forging
50:35 Scale Mail Armor
50:53 Squires
50:39 Arson
Sphere Of Light
9:24 Loom
11:16 Feudal Age
16:47 Castle Age
14:50 Double-Bit Axe
15:22 Horse Collar
17:50 Bow Saw
24:09 Wheelbarrow
30:31 Hand Cart
30:21 Scale Mail Armor
30:31 Forging
29:49 Pikeman
33:19 Imperial Age
32:55 Chain Mail Armor
33:16 Iron Casting
32:22 Man-at-Arms
32:47 Gambesons
33:19 Gold Mining
33:31 Heavy Plow
34:18 Caravan
33:46 Long Swordsman
35:00 Stone Mining
37:13 Fervor
36:58 Heavy Scorpion
37:02 Halberdier
38:33 Furor Celtica
38:45 Conscription
39:28 Blast Furnace
38:59 Plate Mail Armor
38:35 Siege Engineers
39:31 Chemistry
38:28 Onager
39:07 Stronghold
39:12 Fletching
39:49 Ballistics
39:12 Two-Handed Swordsman
40:36 Guilds
40:57 Coinage
44:05 Guard Tower
44:01 Arrowslits
43:42 Champion
44:18 Bodkin Arrow
43:48 Siege Onager
46:47 Elite Woad Raider
49:37 Arson
50:41 Keep
50:16 Fortified Wall
Calcetin
12:38 Feudal Age
14:29 Forging
15:37 Scale Mail Armor
15:38 Loom
23:52 Castle Age
Connection lost

Rejoining the realm…

Still unreachable

The connection could not be restored.

Session expired

The server has moved on; the page needs a fresh start.